 Dungeon Crawl Stone Soup version 0.28-a0-991-g956f0ee3d5 (webtiles) character file.

Game seed: 14564837297780574621

147611 Peloso the Fencer (level 16, -3/151 HPs)
             Began as a Minotaur Fighter on Dec 5, 2021.
             Was the Champion of Okawaru.
             Slain by an ice devil (5 damage)
             ... on level 6 of the Lair of Beasts.
             The game lasted 01:08:40 (27319 turns).

Peloso the Fencer (Minotaur Fighter)               Turns: 27319, Time: 01:08:41

Health: -3/151     AC: 24    Str: 38    XL:     16   Next: 92%
Magic:  17/17      EV: 17    Int:  2    God:    Okawaru [******]
Gold:   1674       SH: 14    Dex: 20    Spells: 16/16 levels left

rFire   . . .      SeeInvis .   a - +3 scimitar (flame)
rCold   + + .      Faith    .   c - +1 buckler of the World {Will+ Str+5}
rNeg    . . .      Spirit   .   j - +0 ice dragon scales
rPois   .          Reflect  +   Y - +2 hat
rElec   .          Harm     .   Z - +0 cloak {rF+}
rCorr   +          Rampage  .   y - +0 pair of gloves of the Gusle {rCorr Int-3 Dex+2}
Will    ++...                   X - +2 pair of boots of Articulation {Regen+ rCorr}
Stlth   ++........              B - amulet of reflection
HPRegen 1.15/turn               o - +6 ring of dexterity
MPRegen 0.15/turn               Q - +6 ring of strength

@: about to teleport, spiked
A: horns 2, retaliatory headbutt
a: Renounce Religion, Heroism, Finesse, Duel


You were on level 6 of the Lair of Beasts.
You worshipped Okawaru.
Okawaru was exalted by your worship.
You visited 4 branches of the dungeon, and saw 24 of its levels.
You also visited: Sewer, Bailey and Volcano.

You collected 2370 gold pieces.
You spent 696 gold pieces at shops.

Inventory:

Hand Weapons
 a - a +3 scimitar of flaming (weapon)
 b - a +2 scimitar of flaming
Armour
 c - the +1 buckler of the World (worn) {Will+ Str+5}
   (You took it off a skeletal warrior on level 11 of the Dungeon)

   Str:       It affects your strength (+5).
   Will:      It increases your willpower.
 j - +0 ice dragon scales (worn)
 u - the +1 cloak "Uzxugum" {rPois Int+2}
   (You bought it in a shop on level 2 of the Orcish Mines)

   Int:       It affects your intelligence (+2).
   rPois:     It protects you from poison.
 y - the +0 pair of gloves of the Gusle (worn) {rCorr Int-3 Dex+2}
   (You found it on level 13 of the Dungeon)

   Int:       It affects your intelligence (-3).
   Dex:       It affects your dexterity (+2).
   rCorr:     It protects you from acid and corrosion.
 U - a +2 kite shield of reflection
 X - the +2 pair of boots of Articulation (worn) {Regen+ rCorr}
   (Okawaru gifted it to you in a volcano)

   Regen:     It increases your rate of health regeneration.
   rCorr:     It protects you from acid and corrosion.
 Y - a +2 hat (worn)
 Z - a +0 cloak of fire resistance (worn)
Jewellery
 e - a +4 ring of protection
 g - a ring of willpower
 l - a ring of see invisible
 o - a +6 ring of dexterity (left hand)
 z - a ring of protection from fire
 B - an amulet of reflection (around neck)
 E - a ring of protection from fire
 Q - a +6 ring of strength (right hand)
Wands
 p - a wand of mindburst (8)
 v - a wand of digging (1)
 A - a wand of acid (7)
Scrolls
 i - 3 scrolls of acquirement
 n - 7 scrolls of identify
 q - 5 scrolls of teleportation
 t - 3 scrolls of fear
 x - 3 scrolls of blinking
 N - 3 scrolls of immolation
Potions
 d - 6 potions of might
 f - 5 potions of heal wounds
 h - 13 potions of curing
 k - 3 potions of resistance
 m - 2 potions of flight
 r - a potion of brilliance
 s - 7 potions of haste
 w - a potion of ambrosia
 W - 4 potions of berserk rage


   Skills:
 + Level 15.8 Fighting
 + Level 1.2(11.1) Short Blades
 + Level 18.3 Long Blades
 + Level 1.8(2.3) Axes
 + Level 1.4(2.2) Maces & Flails
 + Level 1.4(2.2) Polearms
 + Level 1.5(2.1) Staves
 + Level 1.2(1.6) Slings
 + Level 1.9 Bows
 + Level 1.2 Crossbows
 + Level 1.1(1.4) Throwing
 + Level 15.0 Armour
 + Level 9.9 Dodging
 + Level 5.3 Stealth
 + Level 13.5 Shields
 + Level 1.3 Unarmed Combat
 + Level 0.6 Spellcasting
 + Level 1.1 Conjurations
 + Level 0.6 Hexes
 + Level 1.1 Summonings
 + Level 0.7 Necromancy
 + Level 0.7 Translocations
 + Level 0.9 Transmutations
 + Level 0.7 Fire Magic
 + Level 0.7 Ice Magic
 + Level 0.7 Air Magic
 + Level 1.1 Earth Magic
 + Level 1.0 Poison Magic
 + Level 3.0 Invocations
 + Level 1.7 Evocations


You had 16 spell levels left.
You didn't know any spells.
Your spell library contained the following spells:

 Spells                   Type           Power      Damage    Failure   Level
 Magic Dart               Conj           0%         1d3       54%         1
 Freeze                   Ice            0%         1d3       58%         1
 Searing Ray              Conj           0%         2d4       67%         2
 Passwall                 Tmut/Erth      0%         N/A       69%         2
 Static Discharge         Conj/Air       0%         N/A       71%         2
 Sublimation of Blood     Necr           0%         N/A       73%         2
 Ensorcelled Hibernation  Hex/Ice        0%         N/A       75%         2
 Stone Arrow              Conj/Erth      0%         3d7       88%         3
 Spider Form              Tmut/Pois      0%         N/A       89%         3
 Frozen Ramparts          Ice            0%         1d2       91%         3
 Swiftness                Air            0%         N/A       91%         3
 Fulminant Prism          Conj/Hex       0%         3d6       100%        4
 Hailstorm                Conj/Ice       0%         3d3       100%        4
 Leda's Liquefaction      Hex/Erth       0%         N/A       100%        4
 Petrify                  Tmut/Erth      0%         N/A       100%        4
 Irradiate                Conj/Tmut      0%         3d14      100%        5
 Lee's Rapid Deconstruct  Erth           0%         3d5*      100%        5
 Lightning Bolt           Conj/Air       0%         1d11      100%        5
 Metabolic Englaciation   Hex/Ice        0%         N/A       100%        5
 Iron Shot                Conj/Erth      0%         9d1       100%        6
 Statue Form              Tmut/Erth      0%         N/A       100%        6
 Maxwell's Capacitive Co  Air            0%         ∞         100%        8
 Call Imp                 Summ           Unusable   N/A       N/A         2
 Dragon's Call            Summ           Unusable   N/A       N/A         9

Dungeon Overview and Level Annotations

Branches:
Dungeon (15/15)            Temple (1/1) D:6            Lair (6/6) D:10
  Swamp (0/4) Lair:4       Spider (0/4) Lair:2          Orc (2/2) D:12
    Elf (0/3) Orc:2        Vaults (0/5) D:13         Depths (0/4) D:15
  Sewer (visited)          Bailey (visited)         Volcano (visited)
  Slime: Lair:5-6

Altars:
Ashenzari
Dithmenos
Fedhas
Gozag
Kikubaaqudgha
Makhleb
Nemelex Xobeh
Okawaru
Qazlal
Ru
Trog
Vehumet
Wu Jian
Xom
Zin
Beogh

Shops:
D:7 ?(   D:15 [[   Orc:1 ?   Orc:2 *[(=[*(


Innate Abilities, Weirdness & Mutations

You have a pair of horns on your head.
You reflexively headbutt those who attack you in melee.


Message History

The smoke demon gestures at you. Something smites you!
* * * LOW HITPOINT WARNING * * *
The sun demon completely misses you. You furiously retaliate!
You headbutt the sun demon.
The barbs in your skin will harm you if you move.
Continue? [Y]es or [N]o only, please.
The barbs in your skin will harm you if you move.
Continue?
Okay, then.
As you read the scroll of teleportation, it crumbles to dust.
You feel strangely unstable. You block the red devil's attack. x2
The red devil hits you but does no damage.
The ice devil closely misses you. You furiously retaliate!
You headbutt the ice devil! The hell hound breathes flames at you.
The blast of flame misses you. You block the smoke demon's attack.
The smoke demon hits you but does no damage.
You block the smoke demon's attack. The sun demon hits you!!
* * * LOW HITPOINT WARNING * * *
You are engulfed in flames!
* * * LOW HITPOINT WARNING * * *
You feel much better. You block the hell hound's attack.
The red devil barely misses you. x2; The ice devil barely misses you.
The red devil hits you from afar with a +1 demon trident of freezing!
* * * LOW HITPOINT WARNING * * *
Barbed spikes become lodged in your body.
The red devil freezes you.
* * * LOW HITPOINT WARNING * * *
The smoke demon hits you but does no damage.
You block the smoke demon's attack. The smoke demon misses you.
You block the sun demon's attack. The hell hound closely misses you.
You feel much better. The red devil barely misses you.
You block the red devil's attack. x2; The sun demon hits you!!
* * * LOW HITPOINT WARNING * * *
You are engulfed in flames!
* * * LOW HITPOINT WARNING * * *
The ice devil hits you.
* * * LOW HITPOINT WARNING * * *
The ice devil freezes you. You resist.
You die...

♣♣♣..♣♣ ♣♣♣....♣♣♣.. ♣.....♣
♣♣♣....... ######''######
♣♣♣P♣♣.♣
#.............#########+♣♣♣♣♣
#....8....8...#........
#.............'...8.8..
###############..8.#...
≈....4††.#...8.#..
.....43@.#..#.8...
...._.43h'...#.8..
.....4...#).8.8...
§≈≈≈.....#........
≈≈≈≈≈≈############ §≈≈≈≈≈
######


You could see a sun demon, an ice devil, a smoke demon, 3 red devils and a hell
hound (catching breath).

Vanquished Creatures
  Rupert (D:14)
  A fire giant (D:15)
  The ghost of Hipp the Severer, a journeyman NaBe of Trog (D:15)
  2 orc warlords
  A stone giant (Volcano)
  A dire elephant (Lair:6)
  An ettin (shapeshifter) (D:13)
  A fire dragon (D:15)
  A blizzard demon (D:15)
  Harold (D:7)
  8 hydras
  An ogre mage (D:13)
  2 two-headed ogres
  2 boulder beetles
  A catoblepas (Lair:6)
  6 centaur warriors
  5 death yaks (Lair:5)
  Urug (Orc:2)
  A tengu warrior (D:13)
  An orc high priest (Orc:2)
  Nergalle (Lair:2)
  5 skeletal warriors
  2 wizards
  4 deep elf pyromancers
  A harpy (shapeshifter) (D:14)
  5 orc knights
  An oklob plant (Lair:5)
  9 cyclopes
  3 ugly things
  A will-o-the-wisp (Lair:4)
  A wolf spider (D:15)
  4 manticores
  5 orc sorcerers
  3 elephants (Lair:5)
  6 black mambas
  10 cane toads
  Maggie (D:7)
  Psyche (D:8)
  2 efreet
  3 unseen horrors
  3 gargoyles
  A kobold demonologist (D:13)
  7 komodo dragons
  8 rime drakes
  A freezing wraith (D:14)
  A tengu conjurer (D:13)
  A red devil (Lair:6)
  A meliai (shapeshifter) (D:10)
  A queen bee (Lair:2)
  6 trolls
  4 ice devils
  3 meliai (D:12)
  4 polar bears
  A wind drake (shapeshifter) (D:14)
  Grinder (D:6)
  A raiju (shapeshifter) (D:15)
  5 slime creatures (D:14)
  Prince Ribbit (D:7)
  11 blink frogs
  2 redbacks (Lair:2)
  3 wraiths
  A shadow (D:11)
  A fire elemental (Volcano)
  A vampire (D:12)
  6 basilisks
  2 wyverns
  58 yaks
  A basilisk (shapeshifter) (D:13)
  A steam dragon (D:8)
  Edmund (D:6)
  Menkaure (D:7)
  3 swamp worms (Lair:2)
  2 wargs
  A warg (shapeshifter) (D:13)
  4 vampire mosquitoes
  19 water moccasins
  3 hell hounds (Lair:6)
  2 acid dragons
  30 orc warriors
  A sky beast (D:4)
  2 ice beasts
  A meliai simulacrum (D:15)
  A black bear (Lair:3)
  11 ogres
  6 wolves (Lair:5)
  6 centaurs
  2 phantoms (D:5)
  6 kobold brigands
  4 gnoll sergeants
  13 bullfrogs
  3 earth elementals (Volcano)
  2 scorpions
  A water moccasin zombie (D:6)
  35 killer bees
  3 wights (D:8)
  2 howler monkeys
  4 electric eels
  3 jellies (D:6)
  6 centaur zombies
  2 centaur skeletons (D:5)
  12 orc priests
  Crazy Yiuf (D:7)
  6 hounds
  4 iguanas
  22 orc wizards
  6 hell rats (Lair:3)
  A killer bee zombie (D:5)
  9 centaur simulacra
  19 gnolls
  2 howler monkey zombies
  8 adders
  2 river rats
  2 shadow imps
  An ufetubus (D:6)
  An adder skeleton (D:2)
  2 worms
  5 dart slugs
  58 orcs
  8 ball pythons
  12 endoplasms
  8 giant cockroaches
  15 goblins
  7 hobgoblins
  3 jackals
  9 quokkas
  3 bats
  3 frilled lizards (D:1)
  30 kobolds
  A quokka skeleton (D:4)
  8 rats
692 creatures vanquished.

Vanquished Creatures (others)
  A rime drake (D:15)
  A hound skeleton (D:4)
  A bush (Lair:2)
  2 foxfires (Lair:4)
  17 fungi
  55 plants
77 creatures vanquished.

Grand Total: 769 creatures vanquished

Notes
Turn   | Place    | Note
-------+----------+-------------------------------------------
     0 | D:1      | Peloso the Minotaur Fighter began the quest for the Orb.
     0 | D:1      | Reached XP level 1. HP: 19/19 MP: 0/0
   276 | D:1      | Reached XP level 2. HP: 25/27 MP: 1/1
  1016 | D:2      | Reached skill level 3 in Long Blades
  1016 | D:2      | Reached XP level 3. HP: 33/33 MP: 2/2
  1650 | D:2      | Found a faded altar of an unknown god.
  2092 | D:3      | Found a stormy altar of Qazlal.
  2101 | D:3      | Reached XP level 4. HP: 32/40 MP: 3/3
  2268 | D:3      | Reached skill level 4 in Long Blades
  2798 | D:4      | Identified a scroll of acquirement
  2869 | D:4      | Noticed a scorpion
  2872 | D:4      | Killed a scorpion
  2873 | D:4      | Reached skill level 1 in Dodging
  2873 | D:4      | Reached XP level 5. HP: 28/47 MP: 4/4
  3000 | D:4      | Reached skill level 5 in Long Blades
  3039 | D:4      | Reached XP level 6. HP: 28/53 MP: 5/5
  3066 | D:4      | Found a glowing drain.
  3078 | Sewer    | Entered a sewer
  3224 | Sewer    | Reached skill level 5 in Fighting
  3224 | Sewer    | Reached skill level 5 in Armour
  3249 | Sewer    | Found a white marble altar of Elyvilon.
  3348 | D:4      | Reached skill level 6 in Long Blades
  3447 | D:4      | Noticed a sky beast
  3466 | D:4      | Killed a sky beast
  3467 | D:4      | Reached XP level 7. HP: 48/61 MP: 6/6
  4025 | D:5      | Entered Level 5 of the Dungeon
  4077 | D:5      | Reached skill level 5 in Shields
  4103 | D:5      | Reached skill level 7 in Long Blades
  4288 | D:5      | Reached XP level 8. HP: 61/70 MP: 7/7
  4537 | D:5      | Reached skill level 8 in Long Blades
  4971 | D:6      | Noticed Grinder
  4984 | D:6      | Killed Grinder
  5013 | D:6      | Found a staircase to the Ecumenical Temple.
  5072 | Temple   | Entered the Ecumenical Temple
  5276 | Temple   | Became a worshipper of Warmaster Okawaru
  5344 | D:6      | Noticed Edmund
  5352 | D:6      | Killed Edmund
  5353 | D:6      | Reached skill level 9 in Long Blades
  5389 | D:6      | Noticed a cyclops
  5401 | D:6      | Killed a cyclops
  5401 | D:6      | Reached * piety under Okawaru
  5402 | D:6      | Reached XP level 9. HP: 25/79 MP: 8/8
  5880 | D:6      | Reached skill level 1 in Stealth
  6012 | D:6      | Reached skill level 10 in Long Blades
  6058 | D:6      | Identified the +1 scale mail of the Vaults {Contam +Inv
                  | rElec Dex+4}
  6271 | D:7      | Noticed Menkaure
  6272 | D:7      | Noticed Harold
  6291 | D:7      | Killed Harold
  6291 | D:7      | Reached ** piety under Okawaru
  6292 | D:7      | Killed Menkaure
  6564 | D:7      | Noticed Prince Ribbit
  6597 | D:7      | Killed Prince Ribbit
  6597 | D:7      | Reached *** piety under Okawaru
  6598 | D:7      | Reached skill level 11 in Long Blades
  6892 | D:7      | Found a transporter.
  6921 | D:7      | Found a transporter.
  6959 | D:7      | Found a broken altar of Ashenzari.
  6982 | D:7      | Found Diysch's Magic Scroll Shoppe.
  6985 | D:7      | Bought a scroll of blinking for 82 gold pieces
  6985 | D:7      | Bought a scroll of identify for 22 gold pieces
  6985 | D:7      | Bought a scroll of identify for 22 gold pieces
  7172 | D:7      | Found Ysiantuf's Antique Weapon Shop.
  7304 | D:7      | Noticed Maggie
  7308 | D:7      | Killed Maggie
  7309 | D:7      | Reached XP level 10. HP: 88/88 MP: 6/9
  7345 | D:7      | Found a runed translucent door.
  7346 | D:7      | Noticed Crazy Yiuf
  7657 | D:7      | Killed Crazy Yiuf
  7758 | D:8      | Noticed Psyche
  7813 | D:8      | Killed Psyche
  8071 | D:8      | Reached **** piety under Okawaru
  8072 | D:8      | Reached skill level 12 in Long Blades
  8955 | D:9      | Reached skill level 10 in Armour
  9141 | D:9      | Reached ***** piety under Okawaru
  9255 | D:9      | Found a flagged portal.
  9268 | Bailey   | Entered a bailey
  9306 | Bailey   | Noticed an orc warlord
  9436 | Bailey   | Found a runed translucent gate.
  9438 | Bailey   | Found a runed translucent gate.
  9439 | Bailey   | Found a runed translucent gate.
  9518 | Bailey   | Noticed an orc knight
  9549 | Bailey   | Killed an orc knight
  9831 | Bailey   | Killed an orc warlord
  9832 | Bailey   | Reached skill level 13 in Long Blades
  9832 | Bailey   | Reached XP level 11. HP: 68/97 MP: 8/10
 10124 | D:9      | Reached skill level 5 in Dodging
 10398 | D:10     | Entered Level 10 of the Dungeon
 10441 | D:10     | Found a staircase to the Lair.
 10611 | D:10     | Noticed a centaur warrior
 10612 | D:10     | Noticed a deep elf pyromancer
 10613 | D:10     | Noticed a centaur warrior
 10614 | D:10     | Noticed a six-headed hydra
 10632 | D:10     | Reached skill level 14 in Long Blades
 10636 | D:10     | Killed a centaur warrior
 10636 | D:10     | Received a gift from Okawaru
 10641 | D:10     | Killed a deep elf pyromancer
 10648 | D:10     | Killed a centaur warrior
 10649 | D:10     | Reached skill level 10 in Fighting
 10649 | D:10     | Reached skill level 1 in Invocations
 10682 | D:10     | Killed a one-headed hydra
 12097 | D:11     | Reached skill level 15 in Long Blades
 12159 | D:11     | Noticed a wizard
 12172 | D:11     | Killed a wizard
 12208 | D:11     | HP: 5/101 [efreet (1)]
 12210 | D:11     | Reached XP level 12. HP: 6/107 MP: 12/12
 12218 | D:11     | HP: 2/107 [deep elf pyromancer/bolt of fire (6)]
 12702 | D:11     | Reached ****** piety under Okawaru
 12767 | D:11     | Received a gift from Okawaru
 14010 | D:11     | Identified the +1 buckler of the World {Will+ Str+5}
 14221 | Lair:1   | Entered Level 1 of the Lair of Beasts
 15932 | Lair:2   | Identified the +5 longbow of Disgust {vorpal, rPois Str+4}
                  | (Okawaru gifted it to you on level 2 of the Lair of Beasts)
 15932 | Lair:2   | Received a gift from Okawaru
 15952 | Lair:2   | Reached XP level 13. HP: 115/118 MP: 13/13
 16574 | Lair:2   | Noticed Nergalle
 16584 | Lair:2   | Killed Nergalle
 16585 | Lair:2   | Reached skill level 16 in Long Blades
 16821 | Lair:2   | Found a hole to the Spider Nest.
 17398 | Lair:3   | Reached skill level 10 in Shields
 17539 | Lair:3   | Found a dark tunnel.
 17670 | Volcano  | Entered a volcano
 17720 | Volcano  | Noticed a stone giant
 17726 | Volcano  | Killed a stone giant
 18175 | Volcano  | Identified the +2 pair of boots of Articulation {Regen+
                  | rCorr} (Okawaru gifted it to you in a volcano)
 18175 | Volcano  | Received a gift from Okawaru
 19348 | Lair:1   | Reached skill level 1 in Axes
 19348 | Lair:1   | Reached skill level 1 in Maces & Flails
 19348 | Lair:1   | Reached skill level 1 in Polearms
 19348 | Lair:1   | Reached skill level 1 in Staves
 19348 | Lair:1   | Reached skill level 1 in Bows
 19348 | Lair:1   | Reached skill level 1 in Summonings
 19348 | Lair:1   | Reached skill level 1 in Evocations
 19348 | Lair:1   | Reached XP level 14. HP: 129/129 MP: 13/15
 19349 | Lair:1   | Reached skill level 1 in Short Blades
 19349 | Lair:1   | Reached skill level 1 in Slings
 19349 | Lair:1   | Reached skill level 1 in Crossbows
 19349 | Lair:1   | Reached skill level 1 in Throwing
 19349 | Lair:1   | Reached skill level 1 in Unarmed Combat
 19349 | Lair:1   | Reached skill level 1 in Conjurations
 19349 | Lair:1   | Reached skill level 1 in Earth Magic
 19349 | Lair:1   | Reached skill level 1 in Poison Magic
 19349 | Lair:1   | Reached XP level 15. HP: 136/136 MP: 13/16
 19924 | D:12     | Found a staircase to the Orcish Mines.
 20224 | Orc:1    | Entered Level 1 of the Orcish Mines
 20425 | Orc:2    | Entered Level 2 of the Orcish Mines
 20516 | Orc:2    | Found Maitiwa's General Store.
 20581 | Orc:2    | Found Dac Niyr's Antique Armour Emporium.
 20592 | Orc:2    | Bought a twisted chain mail for 285 gold pieces
 20592 | Orc:2    | Identified the +0 chain mail of Kampeawi {Stlth+} (You
                  | bought it in a shop on level 2 of the Orcish Mines)
 20592 | Orc:2    | Bought a slimy cloak for 285 gold pieces
 20592 | Orc:2    | Identified the +1 cloak "Uzxugum" {rPois Int+2} (You bought
                  | it in a shop on level 2 of the Orcish Mines)
 20734 | Orc:2    | Found Koesosoa's Antique Weapon Shoppe.
 20795 | Orc:2    | Found a staircase to the Elven Halls.
 20895 | Orc:2    | Reached skill level 17 in Long Blades
 20953 | Orc:2    | Noticed Urug
 20967 | Orc:2    | Killed Urug
 20986 | Orc:2    | Noticed an orc warlord
 21004 | Orc:2    | Killed an orc warlord
 21108 | Orc:2    | Found Qaofuebba's Antique Armour Shoppe.
 21134 | Orc:2    | Found Yged Bie's Jewellery Shoppe.
 21151 | Orc:2    | Found Urries's General Store.
 21168 | Orc:2    | Found Oshon's Antique Weapon Shoppe.
 21713 | Orc:1    | Found Vumysem's Magic Scroll Shop.
 22133 | D:13     | Reached XP level 16. HP: 103/146 MP: 17/17
 22469 | D:13     | Identified the +0 pair of gloves of the Gusle {rCorr Int-3
                  | Dex+2}
 22677 | D:13     | Found a gate to the Vaults.
 22702 | D:13     | Received a gift from Okawaru
 23430 | D:14     | Noticed Rupert
 23451 | D:14     | Killed Rupert
 23491 | D:14     | Got the Almanac of Stones and the Entourage
 23860 | D:15     | Entered Level 15 of the Dungeon
 23934 | D:15     | Found a runed translucent gate.
 23936 | D:15     | Found a runed translucent gate.
 23942 | D:15     | Found a runed translucent gate.
 23969 | D:15     | Found Yvefeu's Antique Armour Shop.
 24133 | D:15     | Found a staircase to the Depths.
 24280 | D:15     | Found Zawnixum's Armour Shoppe.
 24456 | D:15     | Noticed Hipp's ghost (journeyman NaBe)
 24674 | D:15     | Killed Hipp's ghost
 24687 | D:15     | Reached skill level 15 in Fighting
 24725 | D:15     | Reached skill level 5 in Stealth
 24732 | D:15     | Got the ring of Cistru {Fire Str+3}
 25222 | Lair:4   | Found a staircase to the Swamp.
 25349 | Lair:4   | Received a gift from Okawaru
 25957 | Lair:5   | Reached skill level 18 in Long Blades
 27053 | Lair:6   | Entered Level 6 of the Lair of Beasts
 27266 | Lair:6   | Reached skill level 15 in Armour
 27288 | Lair:6   | Found a burning altar of Makhleb.
 27319 | Lair:6   | HP: 4/151 [sun demon (16)]
 27319 | Lair:6   | Slain by an ice devil

Illustrated notes

Levels and vault maps discovered:
D:1:      minmay_arrival_doors, layout_basic, serial_glass, glass_columns_a,
          glass_columns_b
D:2:      layout_basic, dreamdust_ecumenical_altar_hidden_monk_grotto
D:3:      wad_woods_stonehenge, layout_basic, chequers_serial_rivers_marsh
D:4:      minmay_thinvault, layout_cave_pools, gup_sewer_entry_bubbles,
          minmay_surrounded
D:5:      layout_basic, skrybe_limestone_x
D:6:      layout_loops_cross, minmay_temple_entry_offerings,
          kennysheep_another_room, uniq_edmund, uniq_grinder
D:7:      gammafunk_steamed_eel, layout_basic, overflow_temple_1_default,
          serial_shops, shop, kennysheep_mini, st_stairs_13, uniq_menkaure,
          uniq_prince_ribbit1, uniq_crazy_yiuf_cottage, uniq_harold, uniq_maggie
D:8:      layout_basic, uniq_psyche
D:9:      layout_loops_ring, enter_bailey_7
D:10:     minmay_the_grid_four_pointed_star_mashed
          [minmay_the_grid_triangle_9x9_minimal,
          minmay_the_grid_triangle_9x9_corrupted_corridor,
          minmay_the_grid_triangle_9x9_descending_squares,
          minmay_the_grid_triangle_9x9_impossible_snake,
          minmay_the_grid_prize_four_corners], layout_loops_corners
D:11:     minmay_inside_and_out, layout_cave_pools
D:12:     layout_roguey, kennysheep_orc_monster_closet_entryway
D:13:     kennysheep_spiral_hall, layout_basic, david_vaults_2
D:14:     layout_basic, nicolae_twisting_strands, minmay_misc_feat_diagonals,
          kennysheep_two_boxes, uniq_rupert
D:15:     grunt_enter_depths_giant_problem, layout_basic, serial_shops,
          nicolae_diamond_shop, nicolae_shop_trees,
          hangedman_abyss_or_decor_passed, gammafunk_ghost_icy
Temple:   mainiacjoe_temple_trianglar_array
Lair:1:   layout_chaotic_city, serial_bayou_shore_a
Lair:2:   layout_roguey [special_room_bee], spider_nest_entry_webs,
          worms_lemuel, lemuel_fruit_tree, uniq_nergalle
Lair:3:   layout_loops_ring, nicolae_volcano_entry_hallway, grunt_megastairs_3
Lair:4:   layout_cave_pods, minmay_swamp_entry_wisps
Lair:5:   layout_hall_layers, chequers_serial_rivers_micro_c,
          minmay_lair_oklob_items
Lair:6:   evil_forest, layout_cave_pods, slime_altar_2,
          dreamdust_deal_with_the_devil, minmay_hedge_maze
Orc:1:    layout_diamond_mine, basic_altar, serial_shops, nicolae_shop_trees
Orc:2:    grunt_orc_cross, layout_caves, serial_shops,
          nicolae_shop_advertising_works [nicolae_subvault_shop_adworks],
          nicolae_diamond_shop, nicolae_shop_hallway_stairs

Skill      XL: |  1  2  3  4  5  6  7  8  9 10 11 12 13 14 15 16 |
---------------+-------------------------------------------------+-----
Fighting       | 4 5 6 7 9 10 12 13 14 15 | 15.8
Shields        | 4 5 6 7 8 9 10 11 13 | 13.5
Armour         | 4 5 7 9 10 11 13 15 | 15.0
Long Blades    | 3 4 5 6 7 9 11 13 15 16 17 18 | 18.3
Dodging        | 1 2 3 4 5 6 7 8 9 |  9.9
Stealth        | 1 2 3 4 5 |  5.3
Invocations    | 1 2 3 |  3.0
Axes           | 1 |  1.8
Maces & Flails | 1 |  1.4
Polearms       | 1 |  1.4
Staves         | 1 |  1.5
Bows           | 1 |  1.9
Summonings     | 1 |  1.1
Evocations     | 1 |  1.7
Short Blades   | 1 |  1.2
Slings         | 1 |  1.2
Crossbows      | 1 |  1.2
Throwing       | 1 |  1.1
Unarmed Combat | 1 |  1.3
Conjurations   | 1 |  1.1
Earth Magic    | 1 |  1.1
Poison Magic   | 1 |  1.0
Spellcasting   | |  0.6
Hexes          | |  0.6
Necromancy     | |  0.7
Translocations | |  0.7
Transmutations | |  0.9
Fire Magic     | |  0.7
Ice Magic      | |  0.7
Air Magic      | |  0.7

Action                   |  1- 3 |  4- 6 |  7- 9 | 10-12 | 13-15 | 16-18 || total
-------------------------+-------+-------+-------+-------+-------+-------++-------
Melee: Long sword        |   110 |   135 |   210 |       |       |       ||   455
       Headbutt          |    16 |    18 |    52 |   139 |   149 |   158 ||   532
       Scimitar          |       |       |       |   519 |   459 |   432 ||  1410
       Unarmed           |       |       |       |     1 |       |       ||     1
Invok: Heroism           |       |       |     1 |    10 |     5 |     2 ||    18
Evoke: Wand              |       |       |     1 |     3 |     2 |     3 ||     9
  Use: Scroll            |       |     7 |     4 |     8 |     5 |     4 ||    28
       Potion            |       |       |     2 |     4 |     2 |     2 ||    10
 Stab: Sleeping          |       |       |       |     3 |     8 |     4 ||    15
       Distracted        |       |       |       |       |       |     3 ||     3
Armor: Scale mail        |    15 |       |       |       |       |       ||    15
       Ice dragon scales |    48 |    87 |    84 |   237 |   141 |   183 ||   780
Dodge: Dodged            |    58 |    73 |    92 |   285 |   264 |   246 ||  1018
Block: Buckler           |    33 |    32 |    49 |   147 |   179 |   206 ||   646

Table legend: (Time is in decaauts)
 A = Elapsed time spent in this place.
 B = Non-inter-level travel time spent in this place.
 C = Inter-level travel time spent in this place.
 D = Time resting spent in this place.
 E = Time spent auto-exploring this place.
 F = Levels seen in this place.
 G = Mean time per level.
                   A        B        C        D        E       F      G
               +--------+--------+--------+--------+--------+-----+--------+
         Total |  27066 |  25642 |   1424 |   2394 |  16650 |  27 | 1002.4 |
       Dungeon |  16980 |  16029 |    951 |   1206 |  11268 |  15 | 1132.0 |
        Temple |    255 |    255 |      0 |      0 |    194 |   1 |  255.0 |
          Lair |   6458 |   6002 |    456 |    512 |   3859 |   6 | 1076.3 |
  Orcish Mines |   1741 |   1725 |     16 |    128 |    861 |   2 |  870.5 |
         Sewer |    241 |    241 |      0 |      0 |    179 |   1 |  241.0 |
        Bailey |    667 |    667 |      0 |    215 |    145 |   1 |  667.0 |
       Volcano |    721 |    721 |      0 |    333 |    143 |   1 |  721.0 |
               +--------+--------+--------+--------+--------+-----+--------+

Top non-repeatable levels by time:
    D:10: 2479 daAuts
  Lair:1: 2208 daAuts
  Lair:2: 1535 daAuts
    D:11: 1521 daAuts
     D:6: 1331 daAuts
   Orc:2: 1314 daAuts
     D:7: 1296 daAuts
     D:8: 1179 daAuts
     D:4: 1020 daAuts
     D:1: 1020 daAuts
    D:13: 990 daAuts
  Lair:3: 954 daAuts
     D:3: 935 daAuts
     D:5: 922 daAuts
     D:2: 912 daAuts
